 Dungeon Crawl Stone Soup version 0.28.0-1-gb440e238dd (webtiles) character file.

Game seed: 5794203308345833566

688 zeram the Covered (level 7, -1/44 HPs)
             Began as a Gargoyle Fighter on Feb 27, 2022.
             Was an Initiate of Gozag.
             Slain by an ogre (15 damage)
             ... on level 5 of the Dungeon.
             The game lasted 00:05:48 (4901 turns).

zeram the Covered (Gargoyle Fighter)                Turns: 4901, Time: 00:05:49

Health: -1/44      AC: 19    Str: 20    XL:     7   Next: 62%
Magic:  7/7        EV:  6    Int:  8    God:    Gozag
Gold:   237        SH:  4    Dex: 11    Spells: 6/6 levels left

rFire   . . .      SeeInvis .   a - +0 flail
rCold   . . .      Faith    .   c - +0 buckler
rNeg    + . .      Spirit   .   t - +0 plate armour
rPois   ∞          Reflect  .   n - +1 helmet
rElec   +          Harm     .   (no cloak)
rCorr   .          Rampage  .   (no gloves)
Will    .....                   (no boots)
Stlth   ..........              h - amulet of the acrobat
HPRegen 0.14/turn               (no ring)
MPRegen 0.10/turn               (no ring)

@: mighty, gold aura
A: sickness immunity, AC +4, negative energy resistance 1, electricity
resistance, torment resistance 1, petrification resistance
a: Renounce Religion, Potion Petition, Call Merchant, Bribe Branch


You were on level 5 of the Dungeon.
You worshipped Gozag.
Gozag was aware of your devotion.
You visited 2 branches of the dungeon, and saw 7 of its levels.

You collected 322 gold pieces.
You paid 85 gold pieces to Gozag.

Inventory:

Hand Weapons
 a - a +0 flail (weapon)
 u - a +0 mace of chaos
Missiles
 x - 5 poisoned darts (quivered)
Armour
 b - a +0 scale mail
 c - a +0 buckler (worn)
 e - a +0 helmet
 n - a +1 helmet (worn)
 t - a +0 plate armour (worn)
 w - a +0 pair of boots
Jewellery
 h - an amulet of the acrobat (around neck)
Wands
 s - a wand of paralysis (7)
Scrolls
 o - a scroll of silence
Potions
 f - a potion of invisibility {unknown}
 g - 2 potions of berserk rage
 i - 2 potions of cancellation {unknown}
 j - 3 potions of heal wounds
 k - 2 potions of attraction {unknown}
 l - 2 potions of haste {unknown}
 m - 3 potions of curing {unknown}
 q - a potion of lignification {unknown}


   Skills:
 + Level 4.7 Fighting
 + Level 5.1 Maces & Flails
 + Level 5.8 Armour
 + Level 1.6 Dodging
 + Level 4.3 Shields


You had 6 spell levels left.
You didn't know any spells.
Your spell library contained the following spells:

 Spells                   Type           Power      Damage    Failure   Level
 Slow                     Hex            0%         N/A       100%        1
 Ensorcelled Hibernation  Hex/Ice        0%         N/A       100%        2
 Confusing Touch          Hex            0%         N/A       100%        3
 Spider Form              Tmut/Pois      0%         N/A       100%        3
 Vampiric Draining        Necr           0%         2d6       100%        3
 Anguish                  Hex/Necr       0%         N/A       100%        4


Dungeon Overview and Level Annotations

Branches:
Dungeon (6/15)             Temple (1/1) D:4

Altars:
Ashenzari
Cheibriados
Dithmenos
Elyvilon
Fedhas
Gozag
Hepliaklqana
Kikubaaqudgha
Makhleb
Nemelex Xobeh
Okawaru
Qazlal
Ru
Sif Muna
Trog
Uskayaw
Vehumet
Wu Jian
Xom
Yredelemnul
Zin
The Shining One


Innate Abilities, Weirdness & Mutations

You are immune to sickness and miasma.
Your stone body is resilient. (AC +4)
You are immune to poison.
You resist negative energy. (rN+)
You are resistant to electric shocks. (rElec)
You are resistant to unholy torment.
You are immune to petrification.


Message History

There is a stone staircase leading down here.
You climb downwards.
The hound completely misses you. You block the bullfrog's attack.
You block the hound's attack. The orc hits you but does no damage.
The ogre hits you but does no damage.
The bullfrog swells and bulges.
The bullfrog barely misses you.
There is a stone staircase leading up here.
The hound barks!
The hound bites you but does no damage. The bullfrog hits you.
The orc hits you but does no damage. The hound barely misses you.
The ogre hits you with a +0 giant club!
You climb upwards.
There is a stone staircase leading down here.
The bullfrog completely misses you. You block the ogre's attack.
The hound closely misses you.
You feel very mighty all of a sudden. The hound bites you but does no damage.
You barely miss the hound. The hound bites you but does no damage.
The hound bites you.
You sock the hound!
The hound is severely wounded.
The hound bites you but does no damage. x2
You closely miss the hound.
The hound is severely wounded.
The hound bites you but does no damage. The ogre hits you with a +0 giant club!
The hound bites you but does no damage.
You closely miss the hound.
The hound is severely wounded.
The hound bites you but does no damage. You block the ogre's attack.
The hound bites you but does no damage.
You closely miss the hound.
The hound is severely wounded.
The hound barely misses you. The ogre hits you with a +0 giant club!
You bludgeon the hound!!
You kill the hound!
You block the ogre's attack. You block the bullfrog's attack.
You closely miss the bullfrog. The bullfrog hits you.
The ogre hits you with a +0 giant club!
You die...
Your body crumbles into a pile of gold.

################
...............#
##############.# #....#
#.....#.###########
#.##.###.###.#.#.#.......#
#.##...#.# #..<#.#.#####.#
#.####.#.#####.#.#.# #.#
#.# #.#.......O^#.# #.#
#.# #.#######.#@#.# #.#
#.####.#######.#F#.# #.#
................o[.#####.#
#.####.###.#.............#
.....#.# #.#.............#
#.##...# #.#.............#
#.###..# #.#.............#
#.###..###'#.............#
#........................#


You could see an ogre, a bullfrog and an orc.

Vanquished Creatures
  An ice beast (D:5)
  A black bear (D:5)
  A sky beast (D:5)
  A necrophage (D:4)
  A water moccasin skeleton (D:2)
  A bullfrog skeleton (D:4)
  A hound (D:5)
  A centaur skeleton (D:5)
  A killer bee zombie (D:6)
  A hound skeleton (D:4)
  Robin (D:2)
  4 adders
  2 ufetubi
  3 worms
  A dart slug (D:2)
  9 orcs
  4 endoplasms
  10 goblins (D:2)
  8 hobgoblins
  3 jackals (D:2)
  5 kobolds
  5 quokkas
  7 ball pythons
  A bat (D:2)
  2 frilled lizards
  5 rats (D:3)
80 creatures vanquished.

Vanquished Creatures (others)
  A plant (D:2)
1 creature vanquished.

Grand Total: 81 creatures vanquished

Notes
Turn   | Place    | Note
-------+----------+-------------------------------------------
     0 | D:1      | zeram the Gargoyle Fighter began the quest for the Orb.
     0 | D:1      | Reached XP level 1. HP: 14/14 MP: 1/1
   109 | D:2      | Noticed Robin
   110 | D:2      | Reached XP level 2. HP: 19/19 MP: 2/2
   131 | D:2      | Reached XP level 3. HP: 12/23 MP: 3/3
   139 | D:2      | Killed Robin
   468 | D:2      | Found a broken altar of Ashenzari.
   708 | D:2      | Reached XP level 4. HP: 23/29 MP: 4/4
  1405 | D:3      | Reached XP level 5. HP: 33/33 MP: 5/5
  2418 | D:4      | Noticed a necrophage
  2429 | D:4      | Killed a necrophage
  2430 | D:4      | Reached skill level 1 in Dodging
  2430 | D:4      | Reached XP level 6. HP: 37/38 MP: 6/6
  2448 | D:4      | Found a staircase to the Ecumenical Temple.
  2980 | D:5      | Entered Level 5 of the Dungeon
  3008 | D:5      | Noticed a sky beast
  3042 | D:5      | Killed a sky beast
  3043 | D:5      | Reached skill level 5 in Armour
  3190 | D:5      | Noticed an ice beast
  3205 | D:5      | Killed an ice beast
  3206 | D:5      | Reached XP level 7. HP: 44/44 MP: 7/7
  3241 | Temple   | Entered the Ecumenical Temple
  3850 | Temple   | Became a worshipper of Gozag Ym Sagoz the Greedy
  4059 | D:5      | Found a blossoming altar of Fedhas.
  4163 | D:5      | Reached skill level 5 in Maces & Flails
  4901 | D:5      | Slain by an ogre

Illustrated notes

Levels and vault maps discovered:
D:1:      dpeg_arrival_castle, layout_basic, dilly_ecumenical_altar_fadedgnrine
D:2:      layout_basic, basic_altar, serial_bayou_crossing, uniq_robin
D:3:      layout_basic, nrook_uturn, st_stairs_11
D:4:      layout_loops_ring, minmay_temple_entry_trees
D:5:      layout_basic, kennysheep_mini_moat
D:6:      layout_basic, minmay_starry_boxes
Temple:   mainiacjoe_temple_starburst

Skill      XL: |  1  2  3  4  5  6  7 |
---------------+----------------------+-----
Armour         | 4 5 |  5.8
Maces & Flails | 3 4 5 |  5.1
Fighting       | 4 |  4.7
Shields        | 4 |  4.3
Dodging        | 1 |  1.6

Action                   |  1- 3 |  4- 6 |  7- 9 || total
-------------------------+-------+-------+-------++-------
Melee: Flail             |    76 |   167 |     7 ||   250
       Mace              |       |    37 |    41 ||    78
  Use: Scroll            |       |     5 |     3 ||     8
       Potion            |       |     1 |     1 ||     2
Armor: Scale mail        |    46 |    67 |       ||   113
       Plate armour      |       |    24 |    58 ||    82
Dodge: Dodged            |    34 |    94 |    25 ||   153
Block: Buckler           |    21 |    33 |    21 ||    75
